AoeStats
← adolfo_jay

Arabia

506789035Analyzed
1v1 RM · 17d ago on Sep 15, 2026· 53m 3s· 2 players
Game mode
Random Map
Map size
Tiny (2 player)
Population
200
Speed
Normal
Resources
Standard
Victory
Conquest
Starting age
Dark Age
Ending age
Imperial Age
RankedLock teamsTeams togetherTeam positionsShared explorationLock speedFull tech treeHidden civsTurbo modeCheats
Victory
Defeat
🇦🇷 Vietnamese · Argentina
1051
+18
🇦🇺 Huns · Australia
1084
-18
adolfo_jay
8:10 Loom
9:56 Feudal Age
11:34 Double-Bit Axe
12:17 Horse Collar
15:23 Wheelbarrow
16:53 Gold Mining
20:20 Castle Age
19:25 Fletching
19:49 Bloodlines
20:16 Padded Archer Armor
21:27 Thumb Ring
21:55 Bow Saw
22:22 Bodkin Arrow
24:38 Leather Archer Armor
25:25 Hand Cart
26:23 Town Watch
26:51 Heavy Plow
28:19 Ballistics
28:02 Town Patrol
29:44 Stone Mining
31:19 Husbandry
36:24 Imperial Age
35:12 Scale Barding Armor
35:18 Forging
37:26 Bracer
38:29 Chemistry
37:25 Murder Holes
39:25 Chain Barding Armor
39:25 Cavalier
44:13 Plate Barding Armor
44:09 Ring Archer Armor
45:44 Iron Casting
44:36 Heavy Cavalry Archer
47:50 Stone Shaft Mining
46:44 Light Cavalry
47:27 Scale Mail Armor
48:47 Light Cavalry
Jimmehhh
10:30 Feudal Age
9:04 Loom
11:19 Double-Bit Axe
11:33 Horse Collar
20:34 Castle Age
20:18 Fletching
22:38 Bloodlines
22:57 Bow Saw
25:24 Scale Barding Armor
29:21 Wheelbarrow
28:53 Town Watch
31:02 Chain Barding Armor
30:38 Bodkin Arrow
35:14 Imperial Age
35:08 Hand Cart
36:46 Conscription
38:26 Capped Ram
41:28 Cavalier
41:43 Elite Tarkan
50:08 Light Cavalry
Connection lost

Rejoining the realm…

Still unreachable

The connection could not be restored.

Session expired

The server has moved on; the page needs a fresh start.